 Dungeon Crawl Stone Soup version 0.31.0-11-ge490571c62 (webtiles) character file.

Game seed: 10362166701106743899

32 qw the Shooter (level 3, 0/20 HPs)
             Began as a Deep Elf Hunter on Feb 4, 2024.
             Slain by a gnoll
             ... wielding a +0 halberd
              (10 damage)
             ... on level 2 of the Dungeon.
             The game lasted 00:00:02 (975 turns).

qw the Shooter (Deep Elf Hunter)                     Turns: 975, Time: 00:00:03

Health: 0/20       AC:  4    Str: 10    XL:     3   Next: 10%
Magic:  5/5        EV: 12    Int: 13    God:
Gold:   46         SH:  0    Dex: 18    Spells: 2/2 levels left

rFire   . . .        a - +0 shortbow
rCold   . . .        (shield currently unavailable)
rNeg    . . .        c - +0 leather armour
rPois   .            (no helmet)
rElec   .            (no cloak)
rCorr   .            h - +0 pair of gloves
SInv    .            (no boots)
Will    .....        (no amulet)
Stlth   ++           (no ring)
HPRegen 0.23/turn    (no ring)
MPRegen 0.09/turn

%: no passive effects
@: no status effects
A: no striking features
a: no special abilities


You were on level 2 of the Dungeon.
You visited 1 branch of the dungeon, and saw 2 of its levels.

You collected 46 gold pieces.


   Skills:
 - Level 1.5 Fighting
 + Level 6.7 Ranged Weapons
 - Level 2.4 Dodging
 - Level 1.2 Stealth


You had 2 spell levels left.
You didn't know any spells.
Your spell library was empty.

Inventory:

Hand Weapons
 a - a +0 shortbow (weapon)
Armour
 c - a +0 leather armour (worn)
 h - a +0 pair of gloves (worn)
Scrolls
 b - a scroll of blinking {unknown}
Potions
 e - a potion of might {unknown}
 f - a potion of curing {unknown}

Dungeon Overview and Level Annotations

Branches:
Dungeon (2/15)

Altars:

Shops:
D:1 !=


Message History

b - a scroll labelled TIZOCA DOES A gnoll comes into view.
It is wielding a +0 spear.
You shoot an arrow. The arrow hits the gnoll!
The gnoll shouts!
The gnoll is heavily wounded.
You hear a shout! x2
A gnoll comes into view. It is wielding a +0 flail.
A gnoll comes into view. It is wielding a +0 spear.
964 ||| RETREEEEATING.
The gnoll hits you from afar with a +0 spear.
966 ||| RETREEEEATING.
You shoot an arrow. The arrow hits the gnoll!
You kill the gnoll!
You have reached level 3!
Your experience leads to an increase in your attributes!
Increase (S)trength, (I)ntelligence, or (D)exterity?
You feel stronger. x2
You start resting.
HP restored. 2 gnolls come into view.
You shoot an arrow. The arrow hits the gnoll!
The gnoll is heavily wounded.
The gnoll hits you with a +0 flail.
You shoot an arrow.
The arrow hits the gnoll but does no damage.
The gnoll is heavily wounded.
The gnoll misses you.
You shoot an arrow. The arrow closely misses the gnoll.
The gnoll barely misses you.
You shoot an arrow. The arrow hits the gnoll.
The gnoll is heavily wounded.
The gnoll closely misses you. The gnoll misses you.
You shoot an arrow. The arrow barely misses the gnoll.
The gnoll hits you from afar with a +0 halberd!
The gnoll misses you.
You shoot an arrow. The arrow hits the gnoll.
The gnoll is almost dead.
The gnoll hits you from afar with a +0 halberd!
Ouch! That really hurt!
You die...

. #. # #.##. ....
##..###
###...?.#######
........gg.....
#@# #.# #.# #.#
#+# #.# #.# #.#
#.############.#
###.#............#
......############


You could see 2 gnolls.

Vanquished Creatures
  A gnoll (D:2)
  4 bats
  3 endoplasms (D:1)
  A giant cockroach (D:1)
  3 kobolds
  2 quokkas (D:1)
  3 ball pythons (D:1)
  2 frilled lizards (D:1)
  5 rats (D:1)
24 creatures vanquished.

Notes
Turn   | Place    | Note
-------+----------+-------------------------------------------
     0 | D:1      | qw the Deep Elf Hunter began the quest for the Orb.
     0 | D:1      | Reached XP level 1. HP: 12/12 MP: 3/3
     0 | D:1      | 0 ||| qw: Version: 0.3-a-160-g6735b56
     0 | D:1      | 0 ||| qw: Game counter: 5053
     0 | D:1      | 0 ||| qw: Melee chars always use a shield: true
     0 | D:1      | 0 ||| qw: God list: Okawaru
     0 | D:1      | 0 ||| qw: Allow faded altars: false
     0 | D:1      | 0 ||| qw: Do Orc after clearing Dungeon:15 true
     0 | D:1      | 0 ||| qw: Do second Lair branch before Depths: true
     0 | D:1      | 0 ||| qw: Lair rune preference: random
     0 | D:1      | 0 ||| qw: Goals: Normal
     0 | D:1      | 0 ||| PLANNING D:1-11
   138 | D:1      | Found a faded altar of an unknown god.
   156 | D:1      | Reached skill level 6 in Ranged Weapons
   156 | D:1      | Reached XP level 2. HP: 16/16 MP: 4/4
   175 | D:1      | Found Newk's Jewellery Shop.
   184 | D:1      | 184 ||| SHOPLISTING amulet of reflection (300 gold, have
                  | 0).
   184 | D:1      | 184 ||| SHOPLISTING ring "Sealiw" {*Slow Str+5 Int+9 Dex+6}
                  | (668 gold, have 0).
   184 | D:1      | 184 ||| SHOPLISTING ring of ice (250 gold, have 0).
   184 | D:1      | 184 ||| SHOPLISTING ring of positive energy (200 gold, have
                  | 0).
   184 | D:1      | 184 ||| SHOPLISTING ring of protection from cold (250 gold,
                  | have 0).
   184 | D:1      | 184 ||| SHOPLISTING ring of resist corrosion (200 gold,
                  | have 0).
   615 | D:1      | Found Coas's Distillery.
   623 | D:1      | 623 ||| SHOPLISTING potion of cancellation (80 gold, have
                  | 4).
   623 | D:1      | 623 ||| SHOPLISTING potion of curing (30 gold, have 4).
   623 | D:1      | 623 ||| SHOPLISTING potion of haste (100 gold, have 4).
   623 | D:1      | 623 ||| SHOPLISTING potion of might (40 gold, have 4).
   623 | D:1      | 623 ||| SHOPLISTING potion of resistance (100 gold, have
                  | 4).
   868 | D:1      | 868 ||| UPGRADING to +0 pair of gloves.
   873 | D:1      | 873 ||| READING scroll labelled PAOPTA BIQASCHU.
   873 | D:1      | 873 ||| IDENTIFYING bubbling green potion
   874 | D:1      | 874 ||| DROPPING scroll of butterflies.
   875 | D:1      | 875 ||| DROPPING potion of attraction.
   964 | D:2      | 964 ||| RETREEEEATING.
   966 | D:2      | 966 ||| RETREEEEATING.
   968 | D:2      | Reached XP level 3. HP: 19/20 MP: 5/5
   975 | D:2      | Slain by a gnoll

Levels and vault maps discovered:
D:1:      mrwooster_arrival_statue_3, layout_basic,
          shapermc_ecumenical_altar_pompeii, serial_shops,
          nicolae_shop_industrial_runoff, shop,
          wander_ebering_terrifying_dragon_lair
D:2:      layout_loops_corners, minivault_14, bh_walls_and_bars

Skill      XL: |  1 |
---------------+----+-----
Ranged Weapons | 6 |  6.7
Fighting       | |  1.5
Dodging        | |  2.4
Stealth        | |  1.2

Action                     || total
---------------------------++-------
   Fire: Shortbow          ||    50
    Use: Scroll            ||     1
 Armour: Leather armour    ||     8
  Dodge: Dodged            ||    12

Table legend:
 A = Non-vault XP
 B = Vault XP
 C = Vault XP percentage of total XP
 D = Non-vault monster count
 E = Vault monster count
 F = Vault count percentage of total count
                 A         B        C        D         E       F
            +---------+---------+-------+---------+---------+-------
      Total |      46 |       1 |   2.1 |      23 |       1 |   4.2
            +---------+---------+-------+---------+---------+-------
        D:1 |      30 |       1 |   3.2 |      20 |       1 |   4.8
        D:2 |      16 |       0 |   0.0 |       3 |       0 |   0.0
            +---------+---------+-------+---------+---------+-------
